 Dungeon Crawl Stone Soup version 0.19-a0-1065-gdac414d (webtiles) character file.

13773 4thArraOfDagon the Severer (level 12, -7/238 HPs)
             Began as a Hill Orc Monk on Aug 3, 2016.
             Was an Elder of Makhleb.
             Shot with an arrow by a centaur warrior (16 damage)
             ... on level 13 of the Dungeon.
             The game lasted 00:24:17 (4334 turns).

4thArraOfDagon the Severer (Hill Orc Monk)          Turns: 4334, Time: 00:24:18

Health: -7/238     AC: 34    Str: 25    XL:     12   Next: 9%
Magic:  16/16      EV:  2    Int: 11    God:    Makhleb [****..]
Gold:   464        SH:  0    Dex: 13    Spells: 0 memorised, 11 levels left

rFire  . . .     SeeInvis .     y - +1 hand axe (drain)
rCold  . . .     Gourm    .     (armour currently unavailable)
rNeg   + + +     Faith    .     (no shield)
rPois  +         Spirit   .     (helmet currently unavailable)
rElec  .         Dismiss  .     (cloak currently unavailable)
rCorr  .         Reflect  .     (gloves currently unavailable)
SustAt .         Harm     .     (boots currently unavailable)
MR     .....     NoTele   +     l - amulet of rage
Stlth  ..........               E - +2 ring of protection
                                k - +6 ring of protection

@: berserking, tree-form, very quick
A: (deformed body), strong 1, wild magic 1, evolution 1
a: Minor Destruction, Lesser Servant of Makhleb, Major Destruction, Renounce
Religion, Evoke Berserk Rage


You were on level 13 of the Dungeon.
You worshipped Makhleb.
Makhleb was greatly pleased with you.
You were not hungry.
You were a tree.
You visited 2 branches of the dungeon, and saw 15 of its levels.

You collected 464 gold pieces.

Inventory:

Hand Weapons
 a - a +0 hand axe
 g - a +0 battleaxe
 y - a +1 hand axe of draining (weapon)
 N - a +3 great mace
Armour
 b - a +0 robe
 e - a +0 ring mail
 i - a +0 chain mail
 m - a +0 cloak (melded)
 r - a +0 pair of gloves (melded)
 I - a cursed +0 plate armour (melded)
Jewellery
 k - a +6 ring of protection (left branch)
 l - an amulet of rage (around neck)
 w - an uncursed ring of resist corrosion
 E - a +2 ring of protection (right branch)
Wands
 d - a wand of flame (15/48)
 v - a wand of digging (9/24)
 x - a wand of slowing (16/48)
 J - a wand of heal wounds (4/9)
 L - a wand of random effects (26/48)
Scrolls
 h - 4 scrolls of remove curse
 j - 3 scrolls of enchant armour {unknown}
 p - 2 scrolls of teleportation {unknown}
 s - 2 scrolls of random uselessness {unknown}
 u - 2 scrolls of blinking {unknown}
 z - 3 scrolls of fear
 B - a scroll of identify
 H - 2 scrolls of recharging {unknown}
 M - a scroll of brand weapon {unknown}
 P - a scroll of immolation {unknown}
 T - a scroll of vulnerability {unknown}
Potions
 n - a potion of ambrosia
 o - a potion of agility
 q - 2 potions of haste
 A - a potion of cancellation
 C - 2 potions of invisibility
 D - a potion of degeneration
 G - 2 potions of curing
 R - a potion of magic {unknown}
Books
 F - a book of Minor Magic

   Spells                             Type                      Level
   a - Magic Dart                     Conjuration                  1
   b - Blink                          Translocation                2
   c - Call Imp                       Summoning                    2
   d - Repel Missiles                 Charms/Air                   2
   e - Slow                           Hexes                        2
   f - Conjure Flame                  Conjuration/Fire             3
   g - Mephitic Cloud                 Conjuration/Poison/Air       3
Comestibles
 c - a bread ration
 f - 5 meat rations
 O - a slice of pizza
 Q - 2 chunks of flesh
 S - a mutagenic chunk of flesh


   Skills:
 + Level 10.0 Fighting
 * Level 16.4 Axes
 + Level 10.0 Armour
 - Level 2.4 Dodging
 - Level 1.5 Stealth
 - Level 4.0 Invocations
 - Level 6.2 Evocations


You had 11 spell levels left.
You didn't know any spells.

Dungeon Overview and Level Annotations

Branches:
Dungeon (15/15)            Temple (1/1) D:7            Lair (0/6) D:9
    Orc: D:9-12      Vaults: D:13-14     Depths: D:15

Altars:
Ashenzari
Cheibriados
Dithmenos
Elyvilon
Fedhas
Kikubaaqudgha
Makhleb
Nemelex Xobeh
Okawaru
Qazlal
Ru
Vehumet
Xom
Zin

Shops:
D:7 (   D:14 *

Annotations:
D:6 Dowan
D:7 4thArraOfDagon's ghost, amateur DgGl


Innate Abilities, Weirdness & Mutations

((Armour fits poorly on your strangely shaped body.))
Your muscles are strong. (Str +2)
Your spells are a little harder to cast, but a little more powerful.
You evolve.


Message History

The arrow hits you but does no damage.
Unknown command.
Unknown command.
Unknown command.
You hit the centaur warrior.
The centaur warrior is almost dead.
The centaur warrior hits you.
* * * LOW HITPOINT WARNING * * *
Unknown command.
Unknown command.
You slash the centaur warrior!
You kill the centaur warrior!
Makhleb accepts your kill.
Your Fighting skill increases to level 10!
Your Armour skill increases to level 10!
The centaur warrior shoots an arrow.
The arrow hits you but does no damage.
Unknown command.
Unknown command.
The centaur warrior shoots an arrow.
The arrow hits you!
You die...

..... ..... ...# ##### #..#
...... #..# ....###..#
#...§§§# #...§§§######..
#...§§§♣§§..... .. #
#....§§§)c..§.. .. #.
#....§§§§§..§.. ..
#..#######.....§§§.§.......
..
#...............#§........#
...#.
#####...##......#.........#
..c..
................#.........#
.....
................#.........#
..... ......#####.....#
.....# ....


You could see a centaur warrior.

Vanquished Creatures
  4 centaur warriors
  A hell hog (shapeshifter) (D:13)
  4 hill giants
  2 deep elf magi
  A centaur zombie (D:14)
  A troll (D:14)
  A tengu conjurer (D:15)
  2 two-headed ogres (D:10)
  Eustachio (D:6)
  A basilisk (D:9)
  A hungry ghost (D:7)
  6 vampire mosquitoes
  Menkaure (D:6)
  A porcupine (D:9)
  3 orc warriors
  2 ice beasts (D:7)
  2 sky beasts
  2 ogres
  A black bear (D:9)
  3 centaurs
  2 crocodiles (D:9)
  4 giant frogs
  A wyvern skeleton (D:6)
  2 scorpions
  5 killer bees
  4 wights (D:6)
  An electric eel (D:14)
  7 crimson imps
  2 jellies
  Crazy Yiuf (D:6)
  3 hounds
  7 orc wizards
  4 worker ants
  Ijyb (D:2)
  An iguana (D:10)
  8 sheep (D:9)
  A hound skeleton (D:7)
  2 howler monkey skeletons
  3 adders
  4 river rats (D:9)
  An ooze (D:5)
  An adder zombie (D:5)
  A worm (D:2)
  4 giant geckos
  16 orcs
  2 giant cockroaches (D:7)
  A goblin (D:2)
  A hobgoblin (D:2)
  4 jackals
  5 kobolds
  6 quokkas
  2 giant gecko skeletons (D:7)
  4 giant newts
  A quokka skeleton (D:6)
  4 rats
156 creatures vanquished.

Vanquished Creatures (collateral kills)
  A hydra (D:14)
  A centaur warrior (D:14)
  A wizard (D:14)
  A centaur skeleton (D:14)
  A redback zombie (D:15)
  2 trolls (D:14)
  A meliai zombie (D:14)
  A water elemental (D:14)
  A hungry ghost (D:14)
  A basilisk (D:14)
  3 vampire mosquitoes
  A porcupine (shapeshifter) (D:13)
  An ice beast (D:13)
  A giant frog (D:14)
  An electric eel (D:14)
  A jelly (D:13)
  A hound (D:13)
  An iguana (D:14)
  A kobold (D:13)
22 creatures vanquished.

Vanquished Creatures (others)
  A plant (D:9)
1 creature vanquished.

Grand Total: 179 creatures vanquished

Notes
Turn   | Place    | Note
-------+----------+-------------------------------------------
     0 | D:1      | 4thArraOfDagon the Hill Orc Monk began the quest for the Orb.
     0 | D:1      | Reached XP level 1. HP: 19/19 MP: 1/1
   132 | D:2      | Reached XP level 2. HP: 13/26 MP: 2/2
   314 | D:3      | Reached skill level 5 in Axes
   369 | D:5      | Entered Level 5 of the Dungeon
   376 | D:5      | Noticed an ice beast
   434 | D:5      | Noticed a sky beast
   496 | D:4      | Reached XP level 3. HP: 8/31 MP: 3/3
   630 | D:5      | Noticed a centaur
   651 | D:5      | Killed a centaur
   651 | D:5      | Reached skill level 6 in Axes
   651 | D:5      | Reached skill level 1 in Armour
   651 | D:5      | Reached XP level 4. HP: 6/39 MP: 4/4
   782 | D:3      | Reached XP level 5. HP: 24/45 MP: 5/5
   992 | D:2      | Noticed Ijyb
  1009 | D:2      | Killed Ijyb
  1009 | D:2      | Reached skill level 1 in Evocations
  1205 | D:4      | Noticed a phantom
  1262 | D:5      | Reached skill level 7 in Axes
  1460 | D:5      | Reached XP level 6. HP: 51/51 MP: 7/7
  1466 | D:6      | Noticed Menkaure
  1485 | D:6      | Killed Menkaure
  1544 | D:6      | Reached skill level 8 in Axes
  1549 | D:6      | Reached XP level 7. HP: 57/57 MP: 9/9
  1591 | D:6      | Found a runed door.
  1595 | D:6      | Noticed Crazy Yiuf
  1604 | D:6      | Killed Crazy Yiuf
  1679 | D:7      | Reached skill level 9 in Axes
  1679 | D:7      | Reached XP level 8. HP: 64/64 MP: 9/11
  1759 | D:6      | Noticed Dowan
  1799 | D:7      | Reached skill level 5 in Evocations
  1802 | D:7      | Found a staircase to the Ecumenical Temple.
  1819 | Temple   | Entered the Ecumenical Temple
  1913 | Temple   | Became a worshipper of Makhleb the Destroyer
  1913 | Temple   | Reached * piety under Makhleb
  1913 | Temple   | Reached ** piety under Makhleb
  1940 | D:6      | Noticed Eustachio
  1956 | D:6      | Killed Eustachio
  1956 | D:6      | Reached skill level 1 in Invocations
  2063 | D:5      | Reached skill level 10 in Axes
  2063 | D:5      | Reached skill level 5 in Armour
  2072 | D:5      | Gained mutation: Your muscles are strong. (Str +2) [mutagenic meat]
  2101 | D:6      | Found a glowing silver altar of Zin.
  2164 | D:7      | Found Xioqiu Furi's Weapon Boutique.
  2395 | D:7      | Paralysed by fainting for 8 turns
  2408 | D:7      | Reached XP level 9. HP: 63/70 MP: 13/13
  2459 | D:7      | Noticed 4thArraOfDagon's ghost (amateur DgGl)
  2709 | D:8      | Reached *** piety under Makhleb
  2712 | D:8      | Reached skill level 11 in Axes
  2801 | D:9      | Reached skill level 5 in Fighting
  2827 | D:9      | Reached **** piety under Makhleb
  2827 | D:9      | Reached skill level 12 in Axes
  2837 | D:9      | Found a staircase to the Lair.
  2979 | D:10     | Entered Level 10 of the Dungeon
  2992 | D:10     | Reached XP level 10. HP: 76/83 MP: 14/14
  2999 | D:10     | Noticed a hill giant
  2999 | D:10     | Noticed a hill giant
  3007 | D:10     | Killed a hill giant
  3007 | D:10     | Killed a hill giant
  3010 | D:10     | Reached skill level 13 in Axes
  3184 | D:10     | You fall through a shaft for 3 floors!
  3184 | D:13     | Noticed a centaur warrior
  3191 | D:14     | Noticed a hill giant
  3207 | D:14     | Killed a hill giant
  3288 | D:13     | Noticed a centaur warrior
  3307 | D:13     | Killed a centaur warrior
  3307 | D:13     | Reached skill level 14 in Axes
  3344 | D:14     | Reached XP level 11. HP: 94/94 MP: 15/15
  3420 | D:14     | Found a sacrificial altar of Ru.
  3493 | D:14     | Noticed a deep elf mage
  3501 | D:14     | Killed a deep elf mage
  3580 | D:14     | Noticed a wizard
  3589 | D:14     | Killed a wizard
  3613 | D:15     | Entered Level 15 of the Dungeon
  3639 | D:15     | Reached skill level 15 in Axes
  3657 | D:14     | Noticed an eight-headed hydra
  3715 | D:15     | Noticed a hill giant
  3734 | D:15     | Killed a hill giant
  3773 | D:15     | Noticed a centaur warrior
  3793 | D:15     | Killed a centaur warrior
  3805 | D:15     | Noticed a tengu warrior
  3806 | D:15     | Noticed a tengu warrior
  3851 | D:14     | Killed an eight-headed hydra
  3867 | D:14     | Noticed a centaur warrior
  3876 | D:14     | Killed a centaur warrior
  3926 | D:14     | Found Qiuhasit's General Store.
  4024 | D:13     | Noticed a centaur warrior
  4025 | D:13     | Noticed a deep elf mage
  4036 | D:13     | Killed a centaur warrior
  4046 | D:13     | Killed a deep elf mage
  4046 | D:13     | Reached skill level 16 in Axes
  4058 | D:13     | Gained mutation: Your spells are a little harder to cast, but a little more powerful. [mutagenic meat]
  4065 | D:13     | Gained mutation: You evolve. [mutagenic meat]
  4068 | D:13     | Gained mutation: Armour fits poorly on your strangely shaped body. [mutagenic meat]
  4071 | D:13     | Gained mutation: Your magical capacity is low. (-10% MP) [mutagenic meat]
  4202 | D:13     | Noticed a hell hog
  4215 | D:13     | Noticed a hell hog
  4215 | D:13     | a swamp worm changed into a hell hog
  4223 | D:13     | Killed a hell hog
  4223 | D:13     | Reached XP level 12. HP: 66/106 MP: 14/14
  4244 | D:13     | Lost mutation: Your magical capacity is low. (-10% MP) [mutagenic meat]
  4325 | D:13     | Noticed a centaur warrior
  4330 | D:13     | HP: 7/159 [centaur warrior (3)]
  4333 | D:13     | Killed a centaur warrior
  4333 | D:13     | Reached skill level 10 in Fighting
  4333 | D:13     | Reached skill level 10 in Armour
  4334 | D:13     | Shot with an arrow by a centaur warrior

Vault maps used:
D:1:      saegor_arrival_simple_c
D:2:      first_bread, tgw_kikubaaqudgha, uniq_robin, uniq_iyjb, uniq_sigmund
D:3:      kennysheep_another_room, serial_bayou_pond_e
D:4:      minmay_misc_feat_enclosed
D:6:      zin_scriptorium, uniq_duvessa, uniq_eustachio,
          uniq_crazy_yiuf_cottage, uniq_menkaure
D:7:      serial_shops, shop
D:8:      basic_altar, serial_shops, shop, david_nohive_1
D:9:      minmay_lair_entry_grove, hangedman_minor_gate_pass, uniq_joseph
D:10:     kennysheep_generic_room_15
D:11:     nicolae_gozag_zags_fifth_avenue, uniq_harold
D:13:     minmay_cut_squares, david_vaults_4, nicolae_trove_entry_crystal
D:14:     serial_shops, nicolae_shop_waterfront, basic_altar,
          nicolae_ru_sacrificial_ziggurat, nrook_pool_corridor,
          patterned_corridor
D:15:     hangedman_depths_entry_try_elsewhere_first, basic_altar, uniq_rupert
Temple:   roderic_octagonal_lattice_temple

Skill      XL: |  1  2  3  4  5  6  7  8  9 10 11 12 |
---------------+-------------------------------------+-----
Axes           | 5 6 7 8 9 10 12 14 16 | 16.4
Armour         | 1 2 3 4 5 6 8 9 10 | 10.0
Evocations     | 2 3 4 6 |  6.2
Invocations    | 3 4 |  4.0
Fighting       | 6 8 9 10 | 10.0
Dodging        | |  2.4
Stealth        | |  1.5

Action                   |  1- 3 |  4- 6 |  7- 9 | 10-12 || total
-------------------------+-------+-------+-------+-------++-------
Melee: Hand axe          |    34 |       |   295 |   244 ||   573
       Battleaxe         |    37 |    86 |   103 |     3 ||   229
Invok: Minor Destruction |       |       |     1 |       ||     1
       Lesser Servant of |       |       |       |    12 ||    12
 Abil: Evoke Berserk Rag |       |     3 |     7 |     9 ||    19
Evoke: Wand              |       |       |     1 |       ||     1
  Use: Potion            |     3 |       |       |     1 ||     4
       Scroll            |     2 |     3 |     4 |     4 ||    13
 Stab: Sleeping          |     1 |       |       |       ||     1
       Distracted        |       |       |       |     4 ||     4
  Eat: Chunk             |       |     3 |    12 |    12 ||    27
       Beef jerky        |       |     1 |       |       ||     1
       Fruit             |       |       |     4 |       ||     4
       Royal jelly       |       |       |     1 |       ||     1
       Bread ration      |       |       |       |     1 ||     1
       Pizza             |       |       |       |     1 ||     1
Armor: Robe              |     1 |       |       |       ||     1
       Ring mail         |    16 |       |       |       ||    16
       Chain mail        |    23 |    96 |   279 |       ||   398
       Plate armour      |       |       |    11 |   179 ||   190
       Skin              |       |       |       |     8 ||     8
Dodge: Dodged            |    42 |    56 |   150 |    63 ||   311
